 Dungeon Crawl Stone Soup version 0.22-a0-389-g8519d86 (webtiles) character file.

10 Kairos the Skirmisher (level 2, 10/16 HPs)
             Began as a Vine Stalker Fighter on Apr 30, 2018.
             Quit the game on level 1 of the Dungeon.
             The game lasted 00:00:21 (133 turns).

Kairos the Skirmisher (Vine Stalker Fighter)         Turns: 133, Time: 00:00:22

Health: 10/16      AC:  6    Str: 18    XL:     2   Next: 20%
Magic:  3/3        EV:  7    Int:  8    God:
Gold:   35         SH:  9    Dex: 13    Spells: 1/1 levels left

rFire    . . .     SeeInvis .   a - +0 war axe
rCold    . . .     Gourm    .   c - +0 shield
rNeg     . . .     Faith    .   b - +0 scale mail
rPois    .         Spirit   +   (no helmet)
rElec    .         Reflect  .   (no cloak)
rCorr    .         Harm     .   (no gloves)
MR       .....                  (no boots)
Stlth    ..........             (no amulet)
HPRegen  0.05/turn              (no ring)
MPRegen  0.08/turn              (no ring)

@: no status effects
A: fangs 2, magic shield, antimagic bite, no potion heal 3, rot immunity
a: no special abilities


You were on level 1 of the Dungeon.
You were not hungry.

You visited 1 branch of the dungeon, and saw 1 of its levels.

You collected 35 gold pieces.

Inventory:

Hand Weapons
 a - a +0 war axe (weapon)
Armour
 b - a +0 scale mail (worn)
 c - a +0 shield (worn)
Scrolls
 e - 2 scrolls of teleportation {unknown}
 g - a scroll of enchant weapon {unknown}
 h - a scroll of magic mapping {unknown}
Potions
 d - a potion of might
Comestibles
 f - a ration


   Skills:
 + Level 2.9 Fighting
 + Level 1.9 Axes
 + Level 2.5 Armour
 + Level 2.8 Shields


You had one spell level left.
You didn't know any spells.

Dungeon Overview and Level Annotations

Branches:
Dungeon (1/15)

Altars:


Innate Abilities, Weirdness & Mutations

You have extremely sharp teeth.
When hurt, damage is shared between your health and your magic reserves.
Your bite disrupts and absorbs the magic of your enemies.
Potions cannot restore your health.
You are immune to rotting.


Message History

A bat is nearby!
You closely miss the bat. Your bite misses the bat.
The bat hits you but does no damage. The bat hits you but does no damage.
Your scale mail prevents you from hitting the bat.
Your bite misses the bat. You block the bat's attack.
Your shield and scale mail prevent you from hitting the bat.
You bite the bat. You drain its power.
The bat is moderately wounded.
You block the bat's attack.
Your scale mail prevents you from hitting the bat.
The bat is moderately wounded.
You block the bat's attack.
A bat is nearby!
A bat is nearby!
You block the bat's attack. x2
A bat is nearby!
The bat barely misses you. The bat hits you but does no damage.
You block the bat's attack.
Are you sure you want to abandon this character and quit the game? (Confirm with "yes".)

### #.#.# #...# ..
...#.#.# #...# ..#
#.#.#>###...###
....#.............#
....#.#.#..$...≈..#
≈≈..........$≈≈.[.###
≈≈≈≈.......≈≈≈≈.....####
.≈≈≈≈≈...≈≈≈≈≈........?.
.≈≈≈≈≈≈@≈≈≈≈≈≈....#.###
..≈≈≈≈≈≈≈≈≈≈≈.....#.####
..≈≈≈...b.≈≈≈.....#.....
..≈≈.......≈≈........##
≈≈≈≈...<...≈≈≈≈.......##
≈≈≈≈≈.....≈≈≈≈≈≈≈.......
≈≈≈≈≈.....≈≈≈≈≈≈≈≈≈..###
≈≈≈≈≈≈≈≈≈≈≈≈≈≈≈≈≈≈≈≈≈#
.....≈≈≈≈≈...........#


You could see a bat.

Vanquished Creatures
  A dart slug (D:1)
  A leopard gecko (D:1)
  A bat (D:1)
  A goblin (D:1)
  4 rats (D:1)
8 creatures vanquished.

Notes
Turn   | Place    | Note
-------+----------+-------------------------------------------
     0 | D:1      | Kairos the Vine Stalker Fighter began the quest for the Orb.
     0 | D:1      | Reached XP level 1. HP: 11/11 MP: 2/2
    75 | D:1      | Reached XP level 2. HP: 15/16 MP: 3/3
   133 | D:1      | Quit the game

Vault maps used:
D:1:      onia_arrival_pentagram

Action                   || total
-------------------------++-------
Melee: War axe           ||    23
       Bite              ||     4
Armor: Scale mail        ||    13
Dodge: Dodged            ||     7
Block: Shield            ||    15

Table legend:
 A = Spawn XP
 B = Non-spawn XP
 C = Spawn XP percentage of total XP
 D = Spawn monster count
 E = Non-spawn monster count
 F = Spawn count percentage of total count
 G = Total turns spent on level
                    A         B        C        D         E        F      G
               +---------+---------+-------+---------+---------+-------+---------
         Total |       0 |      15 |   0.0 |       0 |       8 |   0.0 |   133
               +---------+---------+-------+---------+---------+-------+---------
           D:1 |       0 |      15 |   0.0 |       0 |       8 |   0.0 |   133
               +---------+---------+-------+---------+---------+-------+---------
